 Dungeon Sprint DCSS version 0.22-a0-467-g5c5de1c (webtiles) character file.

6197 emperorscorpion the Eclecticist (level 10, -10/53 HPs)
             Began as a Deep Elf Air Elementalist on June 10, 2018.
             Was a High Priest of Sif Muna.
             Engulfed by a cloud of freezing vapour (20 damage)
             ... in the Dungeon (Sprint IX: "|||||||||||||||||||||||||||||").
             The game lasted 00:09:24 (671 turns).

emperorscorpion the Eclecticist (DEAE)               Turns: 671, Time: 00:09:25

Health: -10/53     AC:  8    Str:  8    XL:     10   Next: 61%
Magic:  17/35      EV: 20    Int: 23    God:    Sif Muna [*****.]
Gold:   4          SH:  0    Dex: 16    Spells: 12/47 levels left

rFire    . . .     SeeInvis .   a - +4 quarterstaff (speed)
rCold    . . .     Gourm    .   (shield currently unavailable)
rNeg     . . .     Faith    .   u - +2 robe {MR+}
rPois    .         Spirit   .   q - +0 helmet
rElec    .         Reflect  .   y - +0 cloak
rCorr    .         Harm     .   p - +0 pair of gloves
MR       ++...     NoTele   +   z - +0 pair of boots
Stlth    ++........             (no amulet)
HPRegen  0.17/turn              r - +2 ring of evasion
MPRegen  0.24/turn              s - +3 ring of strength

@: deflect missiles
A: no striking features
a: Divine Energy, Channel Magic, Forget Spell, Renounce Religion


You were in the Dungeon.
You worshipped Sif Muna.
Sif Muna was extremely pleased with you.
You were hungry.

You visited 1 branch You collected 4 gold pieces.

Inventory:

Hand Weapons
 a - a +4 quarterstaff of speed (weapon)
 j - a +1 shortbow of freezing
Missiles
 t - 18 arrows
Armour
 o - a +0 robe
 p - a +0 pair of gloves (worn)
 q - a +0 helmet (worn)
 u - a +2 robe of magic resistance (worn)
 y - a +0 cloak (worn)
 z - a +0 pair of boots (worn)
Magical Staves
 b - an uncursed staff of energy
Jewellery
 r - a +2 ring of evasion (left hand)
 s - a +3 ring of strength (right hand)
Wands
 m - a wand of iceblast (6)
Scrolls
 i - 2 scrolls of blinking
 k - 5 scrolls of remove curse
 l - 2 scrolls of amnesia
 w - 3 scrolls of identify
 x - a scroll of fear
Potions
 d - 6 potions of curing
 f - 2 potions of haste
 g - 4 potions of magic
 h - 2 potions of berserk rage
 v - a potion of mutation
Comestibles
 c - 13 rations
 n - 6 chunks of flesh


   Skills:
 + Level 1.9 Fighting
 + Level 3.4 Staves
 + Level 9.0 Dodging
 - Level 2.7 Stealth
 * Level 19.3 Spellcasting
 + Level 8.4 Conjurations
 * Level 6.7 Charms
 * Level 2.7 Necromancy
 + Level 12.9 Air Magic
 * Level 9.2 Invocations
 - Level 3.1 Evocations


You had 12 spell levels left.
You knew the following spells:

 Your Spells              Type           Power        Failure   Level  Hunger
a - Shock                 Conj/Air       ####         1%          1    None
b - Airstrike             Air            ######....   1%          4    None
c - Static Discharge      Conj/Air       ######..     1%          3    None
d - Lightning Bolt        Conj/Air       ######....   1%          5    None
e - Swiftness             Chrm/Air       ######..     1%          2    None
f - Deflect Missiles      Chrm/Air       ######....   6%          6    ###....
g - Death's Door          Chrm/Necr      #####.....   100%        8    ######.
h - Freezing Cloud        Conj/Ice/Air   ######....   19%         6    ###....

Your spell library contained the following spells:

 Spells                   Type           Power        Failure   Level  Hunger
 Fireball                 Conj/Fire      #####.....   11%         5    None
 Bolt of Magma            Conj/Fire/Erth #####.....   19%         5    None
 Throw Frost              Conj/Ice       #####.       1%          2    None
 Bolt of Draining         Conj/Necr      #####.....   6%          5    None
 Freeze                   Ice            ###.         2%          1    None
 Summon Ice Beast         Ice/Summ       ###.....     22%         4    None
 Ozocubu's Armour         Chrm/Ice       #####...     1%          3    None
 Iron Shot                Conj/Erth      #####.....   52%         6    ###....
 Statue Form              Tmut/Erth      ###......    98%         6    ###....
 Throw Icicle             Conj/Ice       #####...     3%          4    None
 Flame Tongue             Conj/Fire      #####        1%          1    None
 Silence                  Hex/Air        ######....   4%          5    None
 Shatter                  Erth           ###.......   100%        9    #######
 Conjure Ball Lightning   Conj/Air       ######....   4%          6    ###....
 Tornado                  Air            ######....   100%        9    #######
 Leda's Liquefaction      Hex/Erth       ###.......   22%         4    None
 Inner Flame              Hex/Fire       ###.....     7%          3    None
 Iskenderun's Battlesphe  Conj/Chrm      ######..     2%          5    None
 Summon Lightning Spire   Summ/Air       ######..     1%          4    None
 Poisonous Vapours        Pois/Air       ######       1%          2    None


Dungeon Overview and Level Annotations

Branches:
Dungeon (1/1)

Altars:
Cheibriados
Dithmenos
Elyvilon
Fedhas
Gozag
Hepliaklqana
Kikubaaqudgha
Makhleb
Nemelex Xobeh
Okawaru
Qazlal
Ru
Sif Muna
Trog
Uskayaw
Vehumet
Wu Jian
Xom
Yredelemnul
Zin
The Shining One
Beogh
Jiyva
Lugonu

Annotations:
D Joseph


Message History

Joseph shouts!
Joseph is engulfed in freezing vapours.
Joseph unwields an uncursed quarterstaff.
Joseph wields a hunting sling.
Joseph shoots a sling bullet.
The sling bullet hits you!
* * * LOW HITPOINT WARNING * * *
You feel much better.
You are engulfed in freezing vapours.
* * * LOW HITPOINT WARNING * * *
Joseph is engulfed in freezing vapours.
Joseph shoots a sling bullet.
The sling bullet completely misses you.
You feel much better.
You are engulfed in freezing vapours.
* * * LOW HITPOINT WARNING * * *
Joseph is engulfed in freezing vapours.
Joseph shoots a sling bullet.
The sling bullet completely misses you.
You feel much better.
You are engulfed in freezing vapours.
* * * LOW HITPOINT WARNING * * *
Joseph is engulfed in freezing vapours.
Joseph shoots a sling bullet.
The sling bullet completely misses you.
You are engulfed in freezing vapours.
You die...

▓.▓.▓†▓@▓
▓.▓.▓.▓§▓
▓.▓.▓.▓§▓
▓)▓.▓.▓§▓
▓.▓.▓.▓§▓
▓.▓.▓.▓§▓
▓[▓.▓.▓§▓
▓.▓.▓.▓§▓
▓.▓.▓.▓@▓
▓'▓.▓[▓.▓
▓(▓.▓.▓.▓
▓.▓.▓(▓.▓
▓.▓.▓'▓.▓
▓.▓.▓.▓.▓
▓.▓.▓.▓.▓
▓.▓.▓[▓.▓
▓)▓.▓.▓.▓


There were no monsters in sight!

Vanquished Creatures
  A hydra (D)
  A centaur warrior (D)
  An elephant (D)
  3 spiny frogs (D)
  3 komodo dragons (D)
  A meliai (D)
  2 tyrant leeches (D)
  A hippogriff (D)
  A dream sheep (D)
  3 vampire mosquitoes (D)
  A porcupine (D)
  4 water moccasins (D)
  An orc warrior (D)
  A sky beast (D)
  4 crocodiles (D)
  4 bullfrogs (D)
  A scorpion (D)
  A killer bee (D)
  A howler monkey (D)
  A quasit (D)
  3 orc wizards (D)
  A worker ant (D)
  A shadow imp (D)
  An ooze (D)
  A dart slug (D)
  A leopard gecko (D)
  A giant cockroach (D)
  A bat (D)
  A jackal skeleton (D)
  A rat (D)
48 creatures vanquished.

Notes
Turn   | Place    | Note
-------+----------+-------------------------------------------
     0 | D        | emperorscorpion the Deep Elf Air Elementalist began the quest for the Orb.
     0 | D        | Reached XP level 1. HP: 10/10 MP: 6/6
     6 | D        | Reached XP level 2. HP: 13/15 MP: 3/8
    79 | D        | Noticed a scorpion
    84 | D        | Reached skill level 5 in Spellcasting
    84 | D        | Reached skill level 5 in Air Magic
    84 | D        | Reached XP level 3. HP: 17/19 MP: 3/11
    85 | D        | Killed a scorpion
    85 | D        | Reached skill level 7 in Spellcasting
    85 | D        | Reached XP level 4. HP: 21/24 MP: 2/15
    93 | D        | Learned a level 3 spell: Static Discharge
    98 | D        | Learned a level 4 spell: Airstrike
   101 | D        | Learned a level 2 spell: Swiftness
   108 | D        | Found a roughly hewn altar of Beogh.
   108 | D        | Found a snail-covered altar of Cheibriados.
   108 | D        | Found a shadowy altar of Dithmenos.
   108 | D        | Found a white marble altar of Elyvilon.
   108 | D        | Found a blossoming altar of Fedhas.
   108 | D        | Found an opulent altar of Gozag.
   109 | D        | Found a hazy altar of Hepliaklqana.
   110 | D        | Found a viscous altar of Jiyva.
   111 | D        | Found an ancient bone altar of Kikubaaqudgha.
   112 | D        | Found a corrupted altar of Lugonu.
   113 | D        | Found a burning altar of Makhleb.
   114 | D        | Found a sparkling altar of Nemelex Xobeh.
   115 | D        | Found an iron altar of Okawaru.
   116 | D        | Found a stormy altar of Qazlal.
   117 | D        | Found a sacrificial altar of Ru.
   118 | D        | Found a deep blue altar of Sif Muna.
   119 | D        | Found a bloodstained altar of Trog.
   120 | D        | Found a hide-covered altar of Uskayaw.
   121 | D        | Found a radiant altar of Vehumet.
   122 | D        | Found an ornate altar of the Wu Jian Council.
   123 | D        | Found a shimmering altar of Xom.
   124 | D        | Found a basalt altar of Yredelemnul.
   125 | D        | Found a glowing silver altar of Zin.
   126 | D        | Found a glowing golden altar of the Shining One.
   128 | D        | Became a worshipper of Sif Muna the Loreminder
   170 | D        | Noticed a sky beast
   170 | D        | Noticed a crocodile
   189 | D        | Killed a sky beast
   189 | D        | Reached * piety under Sif Muna
   189 | D        | Reached skill level 5 in Dodging
   189 | D        | Reached skill level 9 in Spellcasting
   189 | D        | Reached XP level 5. HP: 28/28 MP: 14/18
   194 | D        | Reached ** piety under Sif Muna
   194 | D        | Reached skill level 10 in Spellcasting
   197 | D        | Killed a crocodile
   197 | D        | Reached XP level 6. HP: 32/32 MP: 8/21
   199 | D        | Reached skill level 11 in Spellcasting
   199 | D        | Reached skill level 1 in Evocations
   206 | D        | Learned a level 5 spell: Lightning Bolt
   220 | D        | Reached *** piety under Sif Muna
   262 | D        | Noticed a centaur warrior
   262 | D        | Noticed an orc warrior
   262 | D        | Noticed a meliai
   262 | D        | Noticed a komodo dragon
   267 | D        | Killed a meliai
   267 | D        | Reached **** piety under Sif Muna
   267 | D        | Reached skill level 13 in Spellcasting
   267 | D        | Reached skill level 1 in Charms
   267 | D        | Reached skill level 10 in Air Magic
   267 | D        | Reached XP level 7. HP: 22/36 MP: 8/25
   268 | D        | Killed a komodo dragon
   268 | D        | Reached skill level 14 in Spellcasting
   268 | D        | Reached skill level 5 in Conjurations
   270 | D        | Killed a centaur warrior
   270 | D        | Reached ***** piety under Sif Muna
   270 | D        | Received a gift from Sif Muna
   270 | D        | Reached skill level 15 in Spellcasting
   270 | D        | Reached XP level 8. HP: 34/41 MP: 0/29
   283 | D        | Learned a level 6 spell: Deflect Missiles
   443 | D        | Reached skill level 16 in Spellcasting
   445 | D        | Reached XP level 9. HP: 46/46 MP: 5/31
   446 | D        | Identified Sif Muna's Disquisition on the Boosting Volcanoes (Sif Muna gifted it to you in the Dungeon)
   446 | D        | Received a gift from Sif Muna
   446 | D        | Reached skill level 1 in Fighting
   446 | D        | Reached skill level 5 in Invocations
   466 | D        | Reached skill level 1 in Staves
   466 | D        | Noticed a spiny frog
   473 | D        | Killed a spiny frog
   473 | D        | Reached skill level 17 in Spellcasting
   493 | D        | Noticed a spiny frog
   493 | D        | Noticed a komodo dragon
   493 | D        | Noticed a komodo dragon
   495 | D        | Noticed a six-headed hydra
   496 | D        | Killed a komodo dragon
   497 | D        | Noticed an elephant
   498 | D        | Killed a spiny frog
   498 | D        | Received a gift from Sif Muna
   498 | D        | Reached skill level 18 in Spellcasting
   498 | D        | Killed a komodo dragon
   499 | D        | Killed a six-headed hydra
   499 | D        | Reached skill level 5 in Charms
   499 | D        | Reached XP level 10. HP: 13/53 MP: 2/34
   524 | D        | Killed an elephant
   541 | D        | Learned a level 8 spell: Death's Door
   565 | D        | Noticed a spiny frog
   571 | D        | Reached skill level 19 in Spellcasting
   572 | D        | Killed a spiny frog
   572 | D        | Reached skill level 1 in Necromancy
   578 | D        | Identified Sif Muna's Papyrus of Confrontation and Toxins (Sif Muna gifted it to you in the Dungeon)
   578 | D        | Received a gift from Sif Muna
   600 | D        | Learned a level 6 spell: Freezing Cloud
   666 | D        | Noticed Joseph
   671 | D        | Engulfed by a cloud of freezing vapour

Vault maps used:
D:        linesprint

Skill      XL: |  1  2  3  4  5  6  7  8  9 10 |
---------------+-------------------------------+-----
Air Magic      | 4 5 6 7 9 10 11 12 | 12.9
Dodging        | 3 4 5 6 7 8 9 |  9.0
Spellcasting   | 5 7 9 10 13 15 16 18 19 | 19.3
Conjurations   | 2 3 4 6 7 8 |  8.4
Evocations     | 2 3 |  3.1
Charms         | 1 3 5 6 |  6.7
Invocations    | 3 4 8 9 |  9.2
Fighting       | 1 |  1.9
Staves         | 3 |  3.4
Necromancy     | 2 |  2.7
Stealth        | |  2.7

Action                   |  1- 3 |  4- 6 |  7- 9 | 10-12 || total
-------------------------+-------+-------+-------+-------++-------
Melee: Quarterstaff      |       |       |     8 |     7 ||    15
 Cast: Shock             |    11 |     6 |       |       ||    17
       Swiftness         |       |     2 |     1 |     2 ||     5
       Airstrike         |       |     3 |     2 |     2 ||     7
       Lightning Bolt    |       |     1 |    17 |    16 ||    34
       Static Discharge  |       |     1 |     1 |     1 ||     3
       Deflect Missiles  |       |       |     1 |       ||     1
       Freezing Cloud    |       |       |       |     1 ||     1
Invok: Channel Magic     |       |       |     3 |     3 ||     6
Evoke: Wand              |       |     4 |       |       ||     4
       Staff of energy   |       |     6 |     2 |       ||     8
  Use: Potion            |       |     2 |     1 |     3 ||     6
 Stab: Invisible         |       |       |     2 |       ||     2
  Eat: Chunk             |       |       |       |     1 ||     1
Armor: Robe              |     2 |     1 |     2 |     1 ||     6
Dodge: Dodged            |     7 |    13 |    13 |    10 ||    43

Table legend:
 A = Spawn XP
 B = Non-spawn XP
 C = Spawn XP percentage of total XP
 D = Spawn monster count
 E = Non-spawn monster count
 F = Spawn count percentage of total count
 G = Total turns spent on level
                    A         B        C        D         E        F      G
               +---------+---------+-------+---------+---------+-------+---------
         Total |       0 |    8853 |   0.0 |       0 |      48 |   0.0 |   671
               +---------+---------+-------+---------+---------+-------+---------
             D |       0 |    8853 |   0.0 |       0 |      48 |   0.0 |   671
               +---------+---------+-------+---------+---------+-------+---------
